[ AOE2 MATCH · #505265344 ]
UnrankedEthiopians vs Ethiopians
Rival team · LOSS
[ REPLAY ANALYSIS · EXTRACTED FROM THE RECORDED GAME ]
Feudal
9:32
Castle
22:54
Imperial
35:16
| APM avg | 38.0 |
| APM peak | 69 |
| eAPM avg | 24.2 |
| Villagers / military | 128 / 83 |
Focus
⚔️ 33.8% · 🌾 66.2%
Archer ×69 · Fishing Ship ×13 · Bombard Cannon ×9 · Trebuchet (Packed) ×3 · Monk ×1 · Spearman ×1
Feudal
11:22
Castle
15:35
Imperial
36:55
| APM avg | 55.2 |
| APM peak | 98 |
| eAPM avg | 23.5 |
| Villagers / military | 119 / 80 |
Focus
⚔️ 29.3% · 🌾 70.7%
Archer ×68 · Bombard Cannon ×4 · Mangonel ×3 · Battering Ram ×2 · Trebuchet (Packed) ×2 · Monk ×1
Match map
Initial resources + every placement click. Lines = walls · curves = elevation contours. ◆ gold · ⬟ stone · ● berries · ✦ relic · ◌ wall gap
Your base· ✓ Closed at 22:54 · 18t walls · 1 gate(s)
vidar's base· ✓ Closed at 15:35 · 36t walls · no gate
Smoothed initial terrain · ◌ = detected wall gap · hover for details
Inputs per minute
— LM | MaggieWuerze - - vidar
Build order — LM | MaggieWuerze
First 150 of 361 actions detected
| 0:00 | Create | Villager (Male) |
| 0:02 | Build | House |
| 0:03 | Build | House |
| 0:15 | Create | Villager (Male) ×3 |
| 1:36 | Build | Palisade Wall |
| 1:45 | Build | Palisade Wall |
| 1:48 | Create | Villager (Male) |
| 1:59 | Build | Palisade Wall |
| 2:15 | Create | Villager (Male) |
| 2:15 | Create | Villager (Male) |
| 2:33 | Build | Lumber Camp |
| 2:43 | Build | Palisade Wall |
| 2:50 | Create | Villager (Male) |
| 2:50 | Create | Villager (Male) |
| 3:10 | Create | Villager (Male) |
| 3:48 | Create | Villager (Male) |
| 4:05 | Build | Palisade Wall |
| 4:17 | Build | House |
| 4:19 | Create | Villager (Male) |
| 4:41 | Create | Villager (Male) |
| 5:12 | Create | Villager (Male) |
| 5:12 | Create | Villager (Male) |
| 5:12 | Create | Villager (Male) |
| 5:46 | Build | Mining Camp |
| 6:20 | Research | Loom |
| 6:56 | Create | Villager (Male) |
| 7:22 | Research | Feudal Age |
| 7:47 | Build | House |
| 8:17 | Create | Villager (Male) |
| 8:57 | Build | Barracks |
| 9:32 | Age | Feudal Age |
| 9:38 | Build | Watch Tower |
| 9:57 | Build | Archery Range |
| 10:00 | Create | Villager (Male) |
| 10:26 | Create | Villager (Male) |
| 10:26 | Create | Villager (Male) |
| 10:38 | Research | Double-Bit Axe |
| 10:46 | Create | Archer |
| 11:00 | Create | Villager (Male) |
| 11:07 | Create | Archer |
| 11:20 | Create | Villager (Male) |
| 11:25 | Build | House |
| 11:40 | Build | Mill |
| 11:54 | Create | Archer |
| 12:12 | Create | Archer |
| 12:17 | Create | Villager (Male) |
| 12:30 | Create | Villager (Male) |
| 12:40 | Build | Blacksmith |
| 12:44 | Build | House |
| 12:48 | Create | Archer |
| 13:21 | Create | Villager (Male) |
| 13:25 | Research | Fletching |
| 13:30 | Create | Archer |
| 13:36 | Build | Palisade Wall |
| 13:46 | Create | Villager (Male) |
| 14:19 | Build | Market |
| 14:19 | Create | Villager (Male) |
| 14:25 | Create | Villager (Male) |
| 14:28 | Build | House |
| 14:32 | Build | House |
| 14:36 | Create | Villager (Male) |
| 14:50 | Create | Archer |
| 14:54 | Create | Villager (Male) |
| 14:57 | Build | Farm |
| 14:58 | Build | Farm |
| 15:05 | Create | Archer |
| 15:12 | Build | Outpost |
| 15:14 | Build | Outpost |
| 15:15 | Create | Villager (Male) |
| 15:27 | Create | Archer |
| 15:32 | Create | Villager (Male) |
| 15:43 | Build | Mining Camp |
| 15:51 | Build | Gate |
| 15:57 | Build | Stone Wall |
| 15:58 | Build | Stone Wall |
| 15:59 | Build | Stone Wall |
| 16:27 | Create | Archer |
| 16:38 | Build | Dock |
| 16:41 | Create | Archer |
| 16:42 | Create | Villager (Male) |
| 16:46 | Build | House |
| 17:22 | Build | Farm |
| 17:23 | Build | Farm |
| 17:25 | Build | Farm |
| 17:27 | Build | Dock |
| 17:28 | Create | Villager (Male) |
| 17:32 | Create | Archer |
| 17:37 | Build | House |
| 17:38 | Build | House |
| 17:58 | Create | Archer |
| 18:00 | Create | Villager (Male) |
| 18:03 | Build | Farm |
| 18:04 | Build | Farm |
| 18:34 | Build | Watch Tower |
| 18:46 | Build | Mining Camp |
| 18:47 | Research | Wheelbarrow |
| 18:53 | Build | Farm |
| 19:09 | Build | Stone Wall |
| 19:18 | Build | Stone Wall |
| 19:18 | Build | Stone Wall |
| 19:34 | Create | Archer |
| 19:47 | Create | Fishing Ship |
| 20:08 | Build | Watch Tower |
| 20:14 | Research | Castle Age |
| 20:31 | Create | Fishing Ship |
| 20:57 | Create | Archer |
| 21:16 | Create | Fishing Ship |
| 21:39 | Build | Lumber Camp |
| 22:02 | Create | Villager (Male) |
| 22:02 | Create | Villager (Male) |
| 22:54 | Age | Castle Age |
| 22:55 | Build | University |
| 22:57 | Research | Bodkin Arrow |
| 22:59 | Research | Crossbowman (upgrade) |
| 23:03 | Research | Bow Saw |
| 23:43 | Research | Guard Tower (upgrade) |
| 23:52 | Create | Villager (Male) |
| 23:53 | Create | Villager (Male) |
| 23:54 | Build | Farm |
| 23:55 | Build | Farm |
| 24:24 | Create | Villager (Male) |
| 24:50 | Build | Town Center |
| 25:03 | Create | Villager (Male) |
| 25:06 | Create | Fishing Ship |
| 25:10 | Build | House |
| 25:11 | Build | House |
| 25:27 | Build | Farm |
| 25:30 | Research | Horse Collar |
| 25:33 | Build | Farm |
| 25:43 | Build | Market |
| 25:52 | Create | Villager (Male) |
| 26:10 | Create | Spearman |
| 26:14 | Build | Farm |
| 26:14 | Create | Villager (Male) |
| 26:26 | Build | Town Center |
| 26:35 | Create | Villager (Male) |
| 26:38 | Create | Villager (Male) |
| 26:38 | Create | Villager (Male) |
| 26:40 | Build | Farm |
| 26:42 | Build | Farm |
| 26:43 | Create | Villager (Male) |
| 27:05 | Create | Villager (Male) |
| 27:05 | Create | Villager (Male) |
| 27:11 | Build | Town Center |
| 27:14 | Build | Farm |
| 27:21 | Research | Horse Collar |
| 27:35 | Create | Villager (Male) |
| 27:37 | Create | Villager (Male) |
| 27:42 | Build | Farm |
| 27:43 | Build | Farm |
Build order — vidar
First 150 of 333 actions detected
| 0:01 | Create | Villager (Male) |
| 0:01 | Create | Villager (Male) |
| 0:02 | Build | House |
| 0:03 | Build | House |
| 0:09 | Create | Villager (Male) |
| 0:19 | Create | Villager (Male) |
| 1:23 | Create | Villager (Male) |
| 2:01 | Create | Villager (Male) |
| 2:14 | Create | Villager (Male) |
| 2:47 | Create | Villager (Male) |
| 3:08 | Create | Villager (Male) |
| 3:40 | Build | Lumber Camp |
| 3:47 | Create | Villager (Male) |
| 4:01 | Create | Villager (Male) |
| 4:18 | Build | House |
| 4:28 | Create | Villager (Male) |
| 4:44 | Build | Palisade Wall |
| 4:46 | Create | Villager (Male) |
| 4:55 | Create | Villager (Male) |
| 5:22 | Create | Villager (Male) |
| 5:40 | Create | Villager (Male) |
| 5:54 | Build | Mill |
| 5:56 | Create | Villager (Male) |
| 6:26 | Build | House |
| 6:40 | Create | Villager (Male) |
| 6:45 | Build | Mill |
| 7:09 | Research | Loom |
| 7:12 | Create | Villager (Male) |
| 7:40 | Create | Villager (Male) |
| 8:04 | Create | Villager (Male) |
| 8:21 | Build | Palisade Wall |
| 8:49 | Build | Mining Camp |
| 9:12 | Research | Feudal Age |
| 9:37 | Build | House |
| 9:41 | Build | Palisade Wall |
| 9:45 | Build | Palisade Wall |
| 9:47 | Build | Palisade Wall |
| 10:50 | Build | House |
| 11:05 | Build | Barracks |
| 11:22 | Age | Feudal Age |
| 11:24 | Create | Villager (Male) |
| 11:26 | Research | Double-Bit Axe |
| 11:38 | Create | Villager (Male) |
| 11:48 | Build | Archery Range |
| 11:50 | Create | Villager (Male) |
| 12:17 | Build | Palisade Wall |
| 12:20 | Build | Palisade Wall |
| 12:27 | Build | Blacksmith |
| 12:55 | Research | Castle Age |
| 12:57 | Create | Archer |
| 13:02 | Create | Archer |
| 13:12 | Build | Palisade Wall |
| 13:24 | Build | Palisade Wall |
| 13:53 | Create | Archer |
| 13:56 | Research | Fletching |
| 14:01 | Build | House |
| 14:12 | Create | Archer |
| 14:15 | Build | House |
| 14:30 | Create | Archer |
| 14:35 | Build | Farm |
| 14:37 | Build | Farm |
| 14:48 | Create | Archer |
| 15:10 | Build | Farm |
| 15:35 | Create | Villager (Male) |
| 15:35 | Age | Castle Age |
| 15:44 | Build | University |
| 15:49 | Research | Crossbowman (upgrade) |
| 16:23 | Research | Bodkin Arrow |
| 16:41 | Research | Ballistics |
| 16:47 | Create | Villager (Male) |
| 17:08 | Create | Villager (Male) |
| 17:14 | Create | Archer |
| 17:53 | Create | Villager (Male) |
| 17:57 | Build | Siege Workshop |
| 18:04 | Create | Archer |
| 18:07 | Create | Villager (Male) |
| 18:20 | Create | Villager (Male) |
| 18:38 | Create | Battering Ram |
| 18:41 | Create | Villager (Male) |
| 18:48 | Build | House |
| 18:49 | Build | House |
| 19:03 | Create | Archer |
| 19:34 | Build | Market |
| 19:47 | Build | Farm |
| 19:48 | Build | Farm |
| 19:53 | Create | Archer |
| 20:01 | Create | Villager (Male) |
| 20:08 | Build | House |
| 20:31 | Create | Mangonel |
| 20:33 | Research | Padded Archer Armor |
| 20:37 | Create | Villager (Male) |
| 20:44 | Create | Battering Ram |
| 20:55 | Create | Archer |
| 21:03 | Create | Villager (Male) |
| 21:03 | Create | Archer |
| 21:06 | Build | Archery Range |
| 21:25 | Create | Archer |
| 21:26 | Create | Villager (Male) |
| 21:32 | Build | Town Center |
| 21:38 | Create | Villager (Male) |
| 22:10 | Create | Mangonel |
| 22:16 | Build | House |
| 22:18 | Create | Archer |
| 22:25 | Create | Villager (Male) |
| 22:29 | Build | House |
| 22:32 | Build | Farm |
| 22:46 | Create | Mangonel |
| 22:47 | Create | Villager (Male) |
| 23:26 | Create | Archer |
| 23:42 | Create | Archer |
| 23:42 | Create | Archer |
| 23:54 | Create | Villager (Male) |
| 23:57 | Build | Farm |
| 24:07 | Build | Archery Range |
| 24:12 | Create | Villager (Male) |
| 24:14 | Create | Villager (Male) |
| 24:27 | Create | Archer |
| 24:31 | Build | House |
| 24:34 | Create | Archer |
| 24:35 | Create | Archer |
| 24:35 | Create | Archer |
| 24:45 | Create | Villager (Male) |
| 24:56 | Create | Archer |
| 24:58 | Create | Villager (Male) |
| 25:03 | Build | House |
| 25:06 | Create | Archer |
| 25:11 | Create | Villager (Male) |
| 25:29 | Build | Town Center |
| 25:36 | Create | Villager (Male) |
| 25:42 | Research | Horse Collar |
| 25:53 | Create | Archer |
| 25:55 | Create | Villager (Male) |
| 25:58 | Build | Farm |
| 25:58 | Build | Farm |
| 25:58 | Build | Farm |
| 26:05 | Build | House |
| 26:13 | Create | Archer |
| 26:13 | Create | Archer |
| 26:31 | Build | Farm |
| 26:35 | Build | Lumber Camp |
| 26:46 | Create | Villager (Male) |
| 26:49 | Build | Outpost |
| 27:12 | Create | Villager (Male) |
| 27:12 | Create | Villager (Male) |
| 27:15 | Build | House |
| 27:15 | Build | House |
| 27:27 | Research | Town Watch |
| 27:27 | Create | Villager (Male) |
| 27:27 | Create | Villager (Male) |
| 27:32 | Build | Outpost |
Match timeline
| 1:36 | LM | MaggieWuerze · wall_segment Palisade Wall x7 |
| 1:45 | LM | MaggieWuerze · wall_segment Palisade Wall x1 |
| 1:59 | LM | MaggieWuerze · wall_segment Palisade Wall x1 |
| 2:43 | LM | MaggieWuerze · wall_segment Palisade Wall x1 |
| 4:05 | LM | MaggieWuerze · wall_segment Palisade Wall x1 |
| 4:44 | vidar · wall_segment Palisade Wall x8 |
| 8:21 | vidar · wall_segment Palisade Wall x1 |
| 8:57 | LM | MaggieWuerze · first_building Barracks |
| 9:32 | LM | MaggieWuerze · age_up feudal |
| 9:41 | vidar · wall_segment Palisade Wall x4 |
| 9:45 | vidar · wall_segment Palisade Wall x3 |
| 9:47 | vidar · wall_segment Palisade Wall x5 |
| 9:57 | LM | MaggieWuerze · first_building Archery Range |
| 11:05 | vidar · first_building Barracks |
| 11:22 | vidar · age_up feudal |
| 11:48 | vidar · first_building Archery Range |
| 12:17 | vidar · wall_segment Palisade Wall x4 |
| 12:20 | vidar · wall_segment Palisade Wall x5 |
| 13:12 | vidar · wall_segment Palisade Wall x5 |
| 13:24 | vidar · wall_segment Palisade Wall x1 |
| 13:36 | LM | MaggieWuerze · wall_segment Palisade Wall x1 |
| 15:35 | vidar · age_up castle |
| 15:57 | LM | MaggieWuerze · wall_segment Stone Wall x1 |
| 15:58 | LM | MaggieWuerze · wall_segment Stone Wall x1 |
| 15:59 | LM | MaggieWuerze · wall_segment Stone Wall x1 |
| 16:38 | LM | MaggieWuerze · first_building Dock |
| 17:14 | LM | MaggieWuerze · first_market_buy 100 food |
| 17:57 | vidar · first_building Siege Workshop |
| 19:09 | LM | MaggieWuerze · wall_segment Stone Wall x1 |
| 19:18 | LM | MaggieWuerze · wall_segment Stone Wall x1 |
| 19:18 | LM | MaggieWuerze · wall_segment Stone Wall x1 |
| 20:14 | LM | MaggieWuerze · first_market_sell 100 wood |
| 20:29 | vidar · first_market_buy 100 food |
| 22:54 | LM | MaggieWuerze · age_up castle |
| 30:43 | LM | MaggieWuerze · first_building Castle |
| 32:43 | LM | MaggieWuerze · first_building Siege Workshop |
| 32:46 | vidar · first_building Monastery |
| 33:26 | LM | MaggieWuerze · first_building Monastery |
| 33:42 | vidar · first_market_sell 100 wood |
| 34:56 | vidar · first_building Castle |
| 35:16 | LM | MaggieWuerze · age_up imperial |
| 36:55 | vidar · age_up imperial |
| 43:46 | vidar · resign |
[ AI ANALYSIS · 1 CREDIT ]
What really happened in this match?
Wolo.gg analyzes every decision: build order, eco, micro, common mistakes by bracket. Personalized analysis on WhatsApp or Discord in 30 seconds.
Civ guide
Ethiopians
Perfil
LM | MaggieWuerze